 Dungeon Crawl Stone Soup version 0.21.1-1-g345015f (webtiles) character file.

744 Zubo the Magician (level 7, -2/46 HPs)
             Began as a Mummy Necromancer on June 15, 2018.
             Was an Initiate of Gozag.
             Slain by Menkaure (3 damage)
             ... on level 4 of the Dungeon.
             The game lasted 00:21:07 (5291 turns).

Zubo the Magician (Mummy Necromancer)               Turns: 5291, Time: 00:21:07

Health: -2/46      AC: 13    Str: 12    XL:     7   Next: 47%
Magic:  13/18      EV: 12    Int: 16    God:    Gozag
Gold:   78         SH:  3    Dex: 12    Spells: 7/21 levels left

rFire    x . .     SeeInvis .   e - +2 flail (protect)
rCold    + + .     Gourm    .   (no shield)
rNeg     + + +     Faith    .   q - +3 leather armour {rPois}
rPois    ∞         Spirit   .   (no helmet)
rElec    .         Reflect  +   (no cloak)
rCorr    .         Harm     .   (no gloves)
MR       .....                  (no boots)
Stlth    +.........             f - +3 amulet of reflection
HPRegen  0.15/turn              h - ring of protection from cold
MPRegen  0.16/turn              o - ring of flight

@: gold aura, protection aura
A: no food or potions, fire vulnerability, cold resistance 1, negative energy
resistance 3, torment resistance, unbreathing
a: Potion Petition, Call Merchant, Bribe Branch, Renounce Religion, Evoke Flight


You were on level 4 of the Dungeon.
You worshipped Gozag.
Gozag was noncommittal.
You were not hungry.

You visited 1 branch of the dungeon, and saw 4 of its levels.

You collected 114 gold pieces.
You paid 36 gold pieces to Gozag.

Inventory:

Hand Weapons
 e - a +2 flail of protection (weapon)
Armour
 q - a +3 leather armour of poison resistance (worn)
Jewellery
 d - an uncursed amulet of guardian spirit
 f - a +3 amulet of reflection (around neck)
 h - a ring of protection from cold (left hand)
 j - an uncursed amulet of faith
 o - a ring of flight (right hand)
Wands
 a - a wand of paralysis (16)
 g - a wand of flame (31)
 l - a wand of polymorph (10)
 p - a wand of iceblast (5)
Scrolls
 c - a scroll of fear
 i - a scroll of amnesia {unknown}
 k - 3 scrolls of teleportation
 m - a scroll of noise
 n - a scroll of remove curse
 r - a scroll of identify
Books
 b - a book of Necromancy

   Spells                             Type                      Level
   a - Pain                           Necromancy                   1
   b - Animate Skeleton               Necromancy                   1
   c - Vampiric Draining              Necromancy                   3
   d - Regeneration                   Charms/Necromancy            3
   e - Animate Dead                   Necromancy                   4
   f - Borgnjor's Vile Clutch         Necromancy/Earth             5


   Skills:
 + Level 3.2 Dodging
 - Level 1.5 Stealth
 * Level 7.5 Spellcasting
 * Level 6.0 Necromancy
 + Level 1.0 Earth Magic


You had 7 spell levels left.
You knew the following spells:

 Your Spells              Type           Power        Failure   Level  Hunger
a - Pain                  Necr           ####         1%          1    N/A
b - Animate Skeleton      Necr           N/A          1%          1    N/A
c - Vampiric Draining     Necr           ####......   3%          3    N/A
d - Animate Dead          Necr           N/A          12%         4    N/A
e - Borgnjor's Vile Clut  Necr/Erth      ###.......   67%         5    N/A

Dungeon Overview and Level Annotations

Branches:
Dungeon (4/15)
 Temple: D:4-7

Altars:
Dithmenos
Gozag

Annotations:
D:4 Menkaure


Innate Abilities, Weirdness & Mutations

You do not eat or drink.
Your flesh is vulnerable to fire.
You are immune to poison.
Your flesh is cold resistant. (rC+)
You are immune to negative energy. (rN+++)
You are immune to unholy pain and torment.
You can survive without breathing.


Message History

Press: ? - help, Shift-Dir - straight line, f/p - worker ant
Aim: a worker ant (almost dead, chance to defeat MR: 89%)
The worker ant writhes in agony!
You kill the worker ant!
Your Earth Magic skill increases to level 1!
You sock Menkaure!
Your weapon exudes an aura of protection.
Menkaure is moderately damaged.
Menkaure hits you!! Menkaure misses you.
You hit Menkaure.
Menkaure is moderately damaged.
Menkaure hits you!
* * * LOW HITPOINT WARNING * * *
Menkaure hits you!
* * * LOW HITPOINT WARNING * * *
You hit Menkaure.
Menkaure is heavily damaged.
Menkaure hits you.
You die...
Your body crumbles into a pile of gold.

# #. #. #........... ..
###.##.#####.###......#
..............#.#
########
...#....###.#.### #..
#.#.### #.....# #..
#....# #.....######.. #
#.#####.............
#.M.##......######..
###@##.#....# #..
#....._...#.# #..
..#.####.####.# ##.
...## #......# #.
#####...# ######## ##
.......### ###......%#
..........# #..†....#


You could see Menkaure.

Vanquished Creatures
  Sigmund (D:3)
  Edmund (D:4)
  An orc priest (D:4)
  2 orc wizards
  2 hounds
  Ijyb (D:3)
  Terence (D:3)
  4 worker ants
  Robin (D:1)
  4 adders
  2 worms
  A dart slug (D:4)
  A leopard gecko (D:4)
  11 orcs
  6 bats
  4 giant cockroaches
  13 goblins
  8 hobgoblins
  12 jackals
  6 kobolds
  2 quokkas
  A ball python (D:1)
  4 frilled lizards
  A jackal skeleton (D:4)
  6 rats
96 creatures vanquished.

Vanquished Creatures (collateral kills)
  A hound (D:4)
  2 orcs
  A goblin (D:1)
  A jackal (D:3)
  A bat (D:1)
  A rat (D:2)
7 creatures vanquished.

Grand Total: 103 creatures vanquished

Notes
Turn   | Place    | Note
-------+----------+-------------------------------------------
     0 | D:1      | Zubo the Mummy Necromancer began the quest for the Orb.
     0 | D:1      | Reached XP level 1. HP: 13/13 MP: 4/4
   198 | D:1      | Reached skill level 3 in Spellcasting
   353 | D:1      | Reached XP level 2. HP: 19/19 MP: 1/6
   656 | D:1      | Learned a level 1 spell: Animate Skeleton
  1210 | D:2      | Reached skill level 4 in Spellcasting
  1210 | D:2      | Reached XP level 3. HP: 21/24 MP: 2/8
  1216 | D:2      | Learned a level 3 spell: Vampiric Draining
  1335 | D:2      | Noticed Robin
  1491 | D:1      | Killed Robin
  1491 | D:1      | Reached XP level 4. HP: 26/30 MP: 2/10
  1973 | D:2      | Learned a level 4 spell: Animate Dead
  1998 | D:2      | Found a shadowy altar of Dithmenos.
  2700 | D:3      | Reached skill level 5 in Spellcasting
  2820 | D:3      | Reached XP level 5. HP: 17/35 MP: 0/12
  3222 | D:3      | Learned a level 5 spell: Borgnjor's Vile Clutch
  3224 | D:3      | Noticed Terence
  3234 | D:3      | Killed Terence
  3234 | D:3      | Reached skill level 5 in Necromancy
  3509 | D:3      | Noticed Sigmund
  3529 | D:3      | Killed Sigmund
  3529 | D:3      | Reached skill level 6 in Spellcasting
  3529 | D:3      | Reached XP level 6. HP: 29/41 MP: 0/15
  3881 | D:3      | Noticed Ijyb
  3889 | D:3      | Killed Ijyb
  4486 | D:4      | Reached skill level 7 in Spellcasting
  4704 | D:4      | Reached XP level 7. HP: 38/46 MP: 12/17
  4844 | D:4      | Noticed Edmund
  4879 | D:4      | Killed Edmund
  5254 | D:4      | Found an opulent altar of Gozag.
  5274 | D:4      | Became a worshipper of Gozag Ym Sagoz the Greedy
  5280 | D:4      | Noticed Menkaure
  5288 | D:4      | Reached skill level 1 in Earth Magic
  5290 | D:4      | HP: 1/46 [Menkaure (11)]
  5291 | D:4      | Slain by Menkaure

Skill      XL: |  1  2  3  4  5  6  7 |
---------------+----------------------+-----
Spellcasting   | 3 4 5 6 7 |  7.5
Dodging        | 2 3 |  3.2
Necromancy     | 5 6 |  6.0
Earth Magic    | 1 |  1.0
Stealth        | |  1.5

Action                   |  1- 3 |  4- 6 |  7- 9 || total
-------------------------+-------+-------+-------++-------
Melee: Whip              |     5 |     8 |       ||    13
       Flail             |       |    35 |     7 ||    42
 Cast: Pain              |    59 |   140 |    36 ||   235
       Animate Skeleton  |     9 |     7 |       ||    16
       Animate Dead      |       |    14 |     2 ||    16
       Vampiric Draining |       |     1 |       ||     1
Evoke: Wand              |       |       |     1 ||     1
  Use: Scroll            |     5 |     4 |       ||     9
Armor: Robe              |     4 |       |       ||     4
       Leather armour    |     4 |    25 |     3 ||    32
Dodge: Dodged            |    15 |    66 |     8 ||    89
Block: Other             |     3 |     7 |     1 ||    11
       Reflection        |     2 |       |       ||     2
